 Dungeon Crawl Stone Soup version 0.19-a0-1068-g99dd0f4 (webtiles) character file.

1537 poirepourri the Fighter (level 8, 0/77 HPs)
             Began as a Minotaur Fighter on Aug 4, 2016.
             Killed from afar by an electric eel (15 damage)
             ... with a bolt of electricity
             ... on level 6 of the Dungeon.
             The game lasted 00:06:57 (5047 turns).

poirepourri the Fighter (Minotaur Fighter)          Turns: 5047, Time: 00:06:58

Health: 0/77       AC:  8    Str: 27    XL:     8   Next: 56%
Magic:  7/7        EV: 17    Int:  5    God:
Gold:   204        SH: 11    Dex: 16    Spells: 0 memorised, 7 levels left

rFire  . . .     SeeInvis .     a - +3 long sword
rCold  . . .     Gourm    .     b - +1 scale mail
rNeg   . . .     Faith    .     c - +1 shield
rPois  .         Spirit   .     (helmet restricted)
rElec  .         Dismiss  .     (no cloak)
rCorr  .         Reflect  .     (no gloves)
SustAt .         Harm     .     (no boots)
MR     .....                    (no amulet)
Stlth  +.........               (no ring)
                                (no ring)

@: mighty, agile
A: retaliatory headbutt, horns 2
a: no special abilities


You were on level 6 of the Dungeon.
You were not hungry.

You visited 1 branch of the dungeon, and saw 6 of its levels.

You collected 204 gold pieces.

Inventory:

Hand Weapons
 a - a +3 long sword (weapon)
Missiles
 q - 52 bolts
Armour
 b - a +1 scale mail (worn)
 c - a +1 shield (worn)
Jewellery
 g - a cursed -5 ring of intelligence {unknown}
 k - an uncursed ring of stealth {unknown}
 l - an uncursed ring of stealth {unknown}
 r - a +4 ring of strength {unknown}
 s - a cursed ring of teleportation {unknown}
 v - an uncursed amulet of regeneration {unknown}
Wands
 d - a wand of flame (28/48)
 f - a wand of digging (16/24)
 h - a wand of flame (23/48)
Scrolls
 e - 3 scrolls of remove curse
 y - a scroll of blinking {unknown}
 B - a scroll of magic mapping
Potions
 i - a potion of flight
 j - 2 potions of cancellation
 o - a potion of brilliance
 p - a potion of ambrosia {unknown}
 u - a potion of mutation {unknown}
 A - 2 potions of lignification
 C - a potion of invisibility {unknown}
Books
 x - a book of Flames

   Spells                             Type                      Level
   a - Flame Tongue                   Conjuration/Fire             1
   b - Throw Flame                    Conjuration/Fire             2
   c - Conjure Flame                  Conjuration/Fire             3
   d - Inner Flame                    Hexes/Fire                   3
   e - Sticky Flame                   Conjuration/Fire             4
   f - Fireball                       Conjuration/Fire             5
Comestibles
 m - a beef jerky
 w - a meat ration
 z - 2 slices of pizza
 D - a bread ration


   Skills:
 + Level 8.8 Fighting
 + Level 7.8 Long Blades
 - Level 3.7 Armour
 + Level 5.9 Dodging
 - Level 3.7 Shields


You had 7 spell levels left.
You didn't know any spells.

Dungeon Overview and Level Annotations

Branches:
Dungeon (6/15)             Temple (0/1) D:6

Altars:
Cheibriados
Gozag
Qazlal

Shops:
D:4 (


Innate Abilities, Weirdness & Mutations

You reflexively headbutt those who attack you in melee.
You have a pair of horns on your head.


Message History

You enter the shallow water.
Moving in this stuff is going to be slow.
An electric eel comes into view.
The electric eel shoots out a bolt of lightning at you!
The bolt of electricity hits you!
An electric eel is nearby!
An electric eel is nearby!
The electric eel shoots out a bolt of lightning at you!
The bolt of electricity hits you! x2
The electric eel shoots out a bolt of lightning at you!
The bolt of electricity hits you!
The electric eel shoots out a bolt of lightning at you!
The bolt of electricity hits you!
The electric eel shoots out a bolt of lightning at you!
The bolt of electricity hits you!
* * * LOW HITPOINT WARNING * * *
You miss the electric eel.
The electric eel shoots out a bolt of lightning at you!
The bolt of electricity hits you!
You die...

..#
≈≈≈#......#≈≈≈P....#
..#
P≈≈.###....###.≈≈..##
..#
.≈≈≈#......#≈≈≈≈P...P
..#
.##.≈≈........≈≈≈≈≈.P..
..#
#..≈≈≈#......#≈≈≈≈P##..
###
#.#≈###....###≈≈....##
#.≈.#......#≈≈P..###
#≈≈.......≈≈..### ##
##≈;@.....≈.### .#
###.....≈≈## .##
###+##### ..# ..# ###


You could see an electric eel.

Vanquished Creatures
  The ghost of PeterLawrence the Cleaver, a novice MiFi (D:6)
  Eustachio (D:4)
  Duvessa (D:6)
  An ogre (D:5)
  A giant frog (D:6)
  Dowan (D:6)
  An electric eel (D:6)
  A crimson imp (D:4)
  2 hounds
  2 orc priests
  6 orc wizards (D:4)
  Jessica (D:3)
  Natasha (thrice) (D:3 D:5)
  An iguana (D:5)
  3 worker ants
  A hound zombie (D:5)
  Robin (D:3)
  A howler monkey skeleton (D:4)
  3 gnolls (D:3)
  5 adders
  An ooze (D:1)
  2 adder skeletons
  5 worms
  6 dart slugs
  3 giant geckos
  10 orcs
  6 bats
  7 giant cockroaches
  14 goblins
  9 hobgoblins
  4 jackals
  12 kobolds
  A giant cockroach zombie (D:6)
  7 giant newts (D:2)
  A jackal skeleton (D:3)
  5 rats
130 creatures vanquished.

Vanquished Creatures (others)
  A plant (D:6)
1 creature vanquished.

Grand Total: 131 creatures vanquished

Notes
Turn   | Place    | Note
-------+----------+-------------------------------------------
     0 | D:1      | poirepourri the Minotaur Fighter began the quest for the Orb.
     0 | D:1      | Reached XP level 1. HP: 19/19 MP: 0/0
    55 | D:1      | Reached skill level 4 in Fighting
    60 | D:1      | Reached XP level 2. HP: 21/27 MP: 1/1
   222 | D:1      | Reached XP level 3. HP: 29/34 MP: 2/2
   409 | D:1      | Reached skill level 5 in Fighting
   660 | D:1      | Found a stormy altar of Qazlal.
  1107 | D:2      | Reached XP level 4. HP: 42/42 MP: 3/3
  1670 | D:3      | Reached skill level 6 in Fighting
  1715 | D:3      | Noticed Jessica
  1725 | D:3      | Killed Jessica
  1725 | D:3      | Reached XP level 5. HP: 36/51 MP: 4/4
  1771 | D:3      | Noticed Robin
  1776 | D:3      | Noticed Natasha
  1795 | D:3      | Killed Robin
  1798 | D:3      | Killed Natasha
  2441 | D:4      | Noticed Eustachio
  2538 | D:4      | Found Tolydghu's Weapon Emporium.
  2670 | D:4      | Found a snail-covered altar of Cheibriados.
  2718 | D:4      | Found an opulent altar of Gozag.
  2765 | D:4      | Reached skill level 7 in Fighting
  2765 | D:4      | Reached XP level 6. HP: 24/60 MP: 5/5
  3094 | D:4      | Reached skill level 5 in Long Blades
  3517 | D:4      | Reached skill level 1 in Dodging
  3517 | D:4      | Reached XP level 7. HP: 59/67 MP: 6/6
  3846 | D:4      | Killed Eustachio
  3846 | D:4      | Reached skill level 8 in Fighting
  4096 | D:5      | Entered Level 5 of the Dungeon
  4149 | D:5      | Noticed Natasha
  4155 | D:5      | Killed Natasha
  4258 | D:5      | Noticed Natasha
  4262 | D:5      | Killed Natasha
  4800 | D:6      | Noticed PeterLawrence's ghost (novice MiFi)
  4816 | D:6      | Killed PeterLawrence's ghost
  4816 | D:6      | Reached XP level 8. HP: 60/75 MP: 7/7
  4845 | D:6      | Reached skill level 5 in Dodging
  4890 | D:6      | Found a staircase to the Ecumenical Temple.
  5006 | D:6      | Noticed Duvessa
  5010 | D:6      | Noticed Dowan
  5019 | D:6      | Killed Duvessa
  5022 | D:6      | Killed Dowan
  5047 | D:6      | Killed from afar by an electric eel

Vault maps used:
D:1:      dpeg_arrival_simpleton_a, grunt_decor_resistance,
          kennysheep_flooded_box, minmay_pentomino_w2
D:2:      wad_crossroads
D:3:      first_bread, minmay_splitting_lines, uniq_jessica, uniq_robin,
          uniq_natasha
D:4:      kennysheep_slug_shrine, serial_shops, nicolae_shop_waterfront,
          nicolae_gozag_cash_rules_everything_around_me, uniq_eustachio
D:6:      wad_lake_hut, nrook_mini_vaults, uniq_duvessa

Skill      XL: |  1  2  3  4  5  6  7  8 |
---------------+-------------------------+-----
Fighting       | 4 5 6 7 8 |  8.8
Long Blades    | 3 4 5 7 |  7.8
Dodging        | 1 4 5 |  5.9
Armour         | |  3.7
Shields        | |  3.7

Action                   |  1- 3 |  4- 6 |  7- 9 || total
-------------------------+-------+-------+-------++-------
Melee: Long sword        |    95 |   190 |   107 ||   392
       Headbutt          |    12 |    32 |    18 ||    62
  Use: Scroll            |     6 |     7 |     7 ||    20
       Potion            |       |     3 |     2 ||     5
  Eat: Beef jerky        |     1 |       |       ||     1
       Bread ration      |       |     2 |       ||     2
       Meat ration       |       |     1 |       ||     1
Armor: Scale mail        |    57 |   112 |    51 ||   220
Dodge: Dodged            |    41 |    50 |    53 ||   144
Block: Shield            |    53 |   122 |    77 ||   252
